 Dungeon Crawl Stone Soup version 0.24-a0-252-g5076262 (webtiles) character file.

Game seed: 8228655245169287439

58 Ijustatesigmund the Chopper (level 4, -1/31 HPs)
             Began as an Octopode Fighter on Apr 17, 2019.
             Slain by a crimson imp
             ... wielding a +0 rapier
              (8 damage)
             ... on level 2 of the Dungeon.
             The game lasted 00:02:03 (968 turns).

Ijustatesigmund the Chopper (Octopode Fighter)       Turns: 968, Time: 00:02:04

Health: -1/31      AC: -1    Str: 12 (15) XL:     4   Next: 1%
Magic:  4/4        EV: 11    Int:  8 (10) God:
Gold:   72         SH:  9    Dex: 11 (12) Spells: 3/3 levels left

rFire    . . .     SeeInvis .   a - +0 war axe
rCold    . . .     Gourm    .   b - +1 shield
rNeg     . . .     Faith    .   (helmet restricted)
rPois    .         Spirit   .   (no amulet)
rElec    .         Reflect  .   j - -2 ring of protection (curse)
rCorr    .         Harm     .   (no ring)
MR       .....                  (no ring)
Stlth    ++........             (no ring)
HPRegen  0.10/turn              (no ring)
MPRegen  0.09/turn              (no ring)
                                (no ring)
                                (no ring)

@: flying
A: almost no armour, stealthy swim, amphibious, 8 rings, constrict 8, camouflage
1, gelatinous body 1
a: no special abilities


You were on level 2 of the Dungeon.
You were not hungry.

You visited 1 branch of the dungeon, and saw 2 of its levels.

You collected 72 gold pieces.

Inventory:

Hand Weapons
 a - a +0 war axe (weapon)
Armour
 b - a +1 shield (worn)
Jewellery
 j - a cursed -2 ring of protection (left tentacle)
Scrolls
 e - a scroll of enchant weapon {unknown}
Potions
 c - a potion of might
Comestibles
 d - 4 rations


   Skills:
 - Level 3.0 Fighting
 + Level 4.1 Axes
 - Level 3.0 Dodging
 - Level 3.0 Shields


You had 3 spell levels left.
You didn't know any spells.
Your spell library was empty.

Dungeon Overview and Level Annotations

Branches:
Dungeon (2/15)

Altars:


Innate Abilities, Weirdness & Mutations

You cannot wear most types of armour.
You are very stealthy in the water. (Stealth+)
You are amphibious.
You can wear up to eight rings at the same time.
You can use your tentacles to constrict eight enemies at once.
Your skin changes colour to match your surroundings (Stealth+).
Your rubbery body absorbs attacks. (AC +1, EV +1)


Message History

The crimson imp is moderately wounded.
You constrict the crimson imp.
The crimson imp blinks free!
You hit the dart slug but do no damage. You grab the dart slug.
You constrict the dart slug. The dart slug bites you.
You hit the dart slug. You squeeze the dart slug.
You kill the dart slug!
You have reached level 4!
You see here a dart slug corpse.
It was a potion of degeneration.
There was something very wrong with that liquid.
You feel weakened.
You feel dopey.
You feel clumsy.
The crimson imp shouts, "Give up, thou peeagling ditch-delivered dandiprat!"
You block the crimson imp's attack.
You see here a dart slug corpse.
You barely miss the crimson imp. Your grab misses the crimson imp.
The crimson imp hits you with a +0 rapier!
* * * LOW HITPOINT WARNING * * *
A hobgoblin comes into view. It is wielding a +0 club.
The crimson imp hits you with a +0 rapier!
You die...

### #.. #.# ## #.# ..#
#.# # ## #.# #.# #%
#.##.# #.# ## #.# #.#.###
#@# .. #..###....###5##.#
#.#.#.....#?...†.###
#....................#
##..........#...%.#..
#######.>..........g#....
.................)..# ###
#####.......###.##.#
#.##...## #.# .#


You could see a crimson imp and a hobgoblin (wandering).

Vanquished Creatures
  3 adders (D:2)
  A dart slug (D:2)
  4 bats
  2 goblins
  9 hobgoblins
  A jackal (D:2)
  A frilled lizard (D:1)
  3 kobolds (D:1)
  3 rats
27 creatures vanquished.

Notes
Turn   | Place    | Note
-------+----------+-------------------------------------------
     0 | D:1      | Ijustatesigmund the Octopode Fighter began the quest for
                  | the Orb.
     0 | D:1      | Reached XP level 1. HP: 16/16 MP: 1/1
   206 | D:1      | Reached XP level 2. HP: 17/21 MP: 2/2
   325 | D:1      | Reached skill level 3 in Axes
   682 | D:2      | Reached XP level 3. HP: 26/26 MP: 3/3
   953 | D:2      | Reached skill level 4 in Axes
   963 | D:2      | Reached XP level 4. HP: 15/31 MP: 4/4
   968 | D:2      | Slain by a crimson imp

Levels and vault maps discovered:
D:1:      dpeg_arrival_ternary, layout_loops_ring,
          chequers_serial_rivers_micro_c, minmay_tall_x
D:2:      wad_crossroads, layout_loops_ring, uniq_natasha, uniq_robin

Skill      XL: |  1  2  3 |
---------------+----------+-----
Axes           | 3 4 |  4.1
Fighting       | |  3.0
Dodging        | |  3.0
Shields        | |  3.0

Action                   |  1- 3 |  4- 6 || total
-------------------------+-------+-------++-------
Melee: War axe           |    47 |     1 ||    48
       Constrict         |    12 |       ||    12
       Tentacles         |     7 |       ||     7
  Use: Scroll            |     9 |       ||     9
       Potion            |     2 |     1 ||     3
 Stab: Sleeping          |     9 |       ||     9
Armor: Skin              |     1 |       ||     1
Dodge: Dodged            |    16 |       ||    16
Block: Shield            |    22 |     1 ||    23

Table legend:
 A = Non-vault XP
 B = Vault XP
 C = Vault XP percentage of total XP
 D = Non-vault monster count
 E = Vault monster count
 F = Vault count percentage of total count
                 A         B        C        D         E       F
            +---------+---------+-------+---------+---------+-------
      Total |      73 |      10 |  12.0 |      21 |       6 |  22.2
            +---------+---------+-------+---------+---------+-------
        D:1 |      19 |       6 |  24.0 |      11 |       4 |  26.7
        D:2 |      54 |       4 |   6.9 |      10 |       2 |  16.7
            +---------+---------+-------+---------+---------+-------
